NWL (28 & UNDER)
BISMARCK BARONS @ RED DEER WRANGLERS
08/13/2030
 
TOP OF THE 1ST
Bismarck Barons batting - Pitching for Red Deer Wranglers : RHP Melvin Hicks
Pitching: RHP Melvin Hicks
Batting: RHB Jason Smith 0-0: SINGLE (Line Drive, 78M)
Batting: LHB Paul Lee 0-0: Called Strike
0-1: Called Strike
0-2: Fly out, F8 (Flyball, 8RM)
Batting: RHB Pedro García 0-0: Called Strike
0-1: Called Strike
0-2: Ball
Jason Smith is caught stealing 2nd base
1-2: DOUBLE (Flyball, 8LXD)
Batting: RHB Luis Cherena 0-0: Ground out 4-3 (Groundball, 4)
Top of the 1st over - 0 runs, 2 hits, 0 errors, 1 left on base; Bismarck 0 - Red Deer 0
BOTTOM OF THE 1ST
Red Deer Wranglers batting - Pitching for Bismarck Barons : LHP Tim Davidson
Pitching: LHP Tim Davidson
Batting: LHB Rubén Salazar 0-0: Ball
1-0: Swinging Strike
1-1: Fly out, F7 (Flyball, 7S)
Batting: LHB Jorge Olvera 0-0: Called Strike
0-1: Fly out, F6 (Flyball, 6MD)
Batting: RHB Steve Burton 0-0: Ball
1-0: Called Strike
1-1: Ball
2-1: Foul Ball, location: 2F
2-2: Ball
3-2: Base on Balls
Batting: RHB Ben Fisher 0-0: Ball
1-0: Ball
2-0: Ball
3-0: Called Strike
3-1: Base on Balls
Steve Burton to second
Batting: RHB Allen Brown 0-0: Ball
1-0: Foul Ball, location: 2F
1-1: Foul Ball, location: 2F
1-2: SINGLE (Groundball, 56D)
Steve Burton to third
Ben Fisher to second
Runner from 3rd tries for Home, SAFE, no throw
Batting: RHB Adam Gentry 0-0: Ball
1-0: Called Strike
1-1: Foul Ball, location: 2F
1-2: Fly out, F9 (Flyball, 9D)
Bottom of the 1st over - 1 run, 1 hit, 0 errors, 2 left on base; Bismarck 0 - Red Deer 1
TOP OF THE 2ND
Bismarck Barons batting - Pitching for Red Deer Wranglers : RHP Melvin Hicks
Batting: RHB Eric Black 0-0: Ball
1-0: Ball
2-0: Swinging Strike
2-1: Foul Ball, location: 2F
2-2: Strikes out swinging
Batting: RHB Vincente Ramírez 0-0: Called Strike
0-1: Ball
1-1: Called Strike
1-2: Foul Ball, location: 2F
1-2: Ground out 5-3 (Groundball, 56S)
Batting: RHB Terry Perkins 0-0: Ball
1-0: SINGLE (Groundball, 6MD)
Batting: RHB Gary Roberts 0-0: SINGLE (Groundball, 6MD)
Terry Perkins to second
Runner from 2nd tries for 3rd, SAFE, no throw
Batting: RHB Chet White 0-0: Ground out 5-3 (Groundball, 56S)
Top of the 2nd over - 0 runs, 2 hits, 0 errors, 2 left on base; Bismarck 0 - Red Deer 1
BOTTOM OF THE 2ND
Red Deer Wranglers batting - Pitching for Bismarck Barons : LHP Tim Davidson
Batting: SHB Mathew Olson 0-0: Foul Ball, location: 2F
0-1: Ball
1-1: Called Strike
1-2: Fly out, F6 (Popup, 6MS)
Batting: RHB Art Cameron 0-0: Foul Ball, location: 2F
0-1: Ground out 5-3 (Groundball, 56)
Batting: LHB Francisco Blanco 0-0: Ball
1-0: Ball
2-0: Foul Ball, location: 2F
2-1: Ball
3-1: Base on Balls
Batting: LHB Rubén Salazar 0-0: Ball
1-0: Foul Ball, location: 2F
1-1: Swinging Strike
1-2: Fly out, F8 (Flyball, 8RXD)
Bottom of the 2nd over - 0 runs, 0 hits, 0 errors, 1 left on base; Bismarck 0 - Red Deer 1
TOP OF THE 3RD
Bismarck Barons batting - Pitching for Red Deer Wranglers : RHP Melvin Hicks
Batting: RHB Jason Smith 0-0: Foul Ball, location: 2F
0-1: Foul Ball, location: 2F
0-2: Ball
1-2: Fly out, F3 (Popup, 3SF)
Batting: LHB Paul Lee 0-0: Ball
1-0: Ball
2-0: Called Strike
2-1: Fly out, F6 (Line Drive, 6)
Batting: RHB Pedro García 0-0: Called Strike
0-1: Ball
1-1: Called Strike
1-2: Ball
2-2: Ball
3-2: Base on Balls
Batting: RHB Luis Cherena 0-0: Swinging Strike
0-1: Hit by Pitch
Pedro García to second
Batting: RHB Eric Black 0-0: Called Strike
0-1: Ball
1-1: Foul Ball, location: 2F
1-2: Ball
2-2: Ball
3-2: Fly out, F9 (Flyball, 9)
Top of the 3rd over - 0 runs, 0 hits, 0 errors, 2 left on base; Bismarck 0 - Red Deer 1
BOTTOM OF THE 3RD
Red Deer Wranglers batting - Pitching for Bismarck Barons : LHP Tim Davidson
Batting: LHB Jorge Olvera 0-0: Called Strike
0-1: Called Strike
0-2: Strikes out looking
Batting: RHB Steve Burton 0-0: Fly out, F7 (Flyball, 78D)
Batting: RHB Ben Fisher 0-0: Ball
1-0: Foul Ball, location: 2F
1-1: SINGLE (Groundball, 56D)
Batting: RHB Allen Brown 0-0: Called Strike
0-1: Foul Ball, location: 2F
0-2: Ball
1-2: Reached on error, E6 (Groundball, 6)
Ben Fisher to second
Batting: RHB Adam Gentry 0-0: Swinging Strike
0-1: Ball
1-1: Foul Ball, location: 2F
1-2: Ground out 4-3 (Groundball, 4)
Bottom of the 3rd over - 0 runs, 1 hit, 1 error, 2 left on base; Bismarck 0 - Red Deer 1
TOP OF THE 4TH
Bismarck Barons batting - Pitching for Red Deer Wranglers : RHP Melvin Hicks
Batting: RHB Vincente Ramírez 0-0: Ball
1-0: Ground out U3 (Groundball, 34)
Batting: RHB Terry Perkins 0-0: Ball
1-0: Ground out 6-3 (Groundball, 6)
Batting: RHB Gary Roberts 0-0: Ball
1-0: Ball
2-0: Ball
3-0: Base on Balls
Batting: RHB Chet White 0-0: Ball
Gary Roberts steals 2nd base
1-0: Fly out, F7 (Flyball, 78S)
Top of the 4th over - 0 runs, 0 hits, 0 errors, 1 left on base; Bismarck 0 - Red Deer 1
BOTTOM OF THE 4TH
Red Deer Wranglers batting - Pitching for Bismarck Barons : LHP Tim Davidson
Batting: SHB Mathew Olson 0-0: Ball
1-0: Ball
2-0: Ground out 6-3 (Groundball, 6)
Batting: RHB Art Cameron 0-0: Reached on error, E6 (Groundball, 6)
Batting: LHB Francisco Blanco 0-0: Ball
1-0: Ball
2-0: Called Strike
2-1: Ball
3-1: Fly out, F5 (Line Drive, 5)
Batting: LHB Rubén Salazar 0-0: Ball
Art Cameron is caught stealing 2nd base
Bottom of the 4th over - 0 runs, 0 hits, 1 error, 0 left on base; Bismarck 0 - Red Deer 1
TOP OF THE 5TH
Bismarck Barons batting - Pitching for Red Deer Wranglers : RHP Melvin Hicks
Batting: RHB Jason Smith 0-0: Ball
1-0: Ball
2-0: Ball
3-0: Called Strike
3-1: Base on Balls
Batting: LHB Paul Lee 0-0: Called Strike
0-1: Foul Ball, location: 2F
0-2: Ball
1-2: Ball
2-2: 2-RUN HOME RUN (Flyball, 9D), Distance : 337 ft
Batting: RHB Pedro García 0-0: Ground out U3 (Groundball, 34)
Batting: RHB Luis Cherena 0-0: Hit by Pitch
Batting: RHB Eric Black 0-0: Ball
1-0: DOUBLE (Flyball, 8LD)
Luis Cherena to third
Runner from 3rd tries for Home, SAFE, no throw
Batting: RHB Vincente Ramírez 0-0: Ball
1-0: Called Strike
1-1: Ball
2-1: Foul Ball, location: 2F
2-2: Foul Ball, location: 2F
2-2: Ground out 6-3 (Groundball, 6)
Batting: RHB Terry Perkins 0-0: Swinging Strike
0-1: Ball
1-1: Ball
2-1: Ball
3-1: Swinging Strike
3-2: Strikes out swinging
Top of the 5th over - 3 runs, 2 hits, 0 errors, 1 left on base; Bismarck 3 - Red Deer 1
BOTTOM OF THE 5TH
Red Deer Wranglers batting - Pitching for Bismarck Barons : LHP Tim Davidson
Batting: LHB Rubén Salazar 0-0: Ball
1-0: Ball
2-0: Swinging Strike
2-1: Swinging Strike
2-2: Foul Ball, location: 2F
2-2: Ball
3-2: SINGLE (Groundball, 34D)
Batting: LHB Jorge Olvera 0-0: Ball
1-0: Swinging Strike
1-1: Grounds into double play, 6-4-3 (Groundball, 6)
Batting: RHB Steve Burton 0-0: Called Strike
0-1: Called Strike
0-2: Ball
1-2: Strikes out swinging
Bottom of the 5th over - 0 runs, 1 hit, 0 errors, 0 left on base; Bismarck 3 - Red Deer 1
TOP OF THE 6TH
Bismarck Barons batting - Pitching for Red Deer Wranglers : RHP Melvin Hicks
Pitching: LHP Ernesto Pérez
Batting: RHB Gary Roberts 0-0: Foul Ball, location: 2F
0-1: Swinging Strike
0-2: Ball
1-2: Strikes out swinging
Batting: RHB Chet White 0-0: Called Strike
0-1: Called Strike
0-2: Ground out 5-3 (Groundball, 5)
Batting: RHB Jason Smith 0-0: Fly out, F3 (Flyball, 34D)
Top of the 6th over - 0 runs, 0 hits, 0 errors, 0 left on base; Bismarck 3 - Red Deer 1
BOTTOM OF THE 6TH
Red Deer Wranglers batting - Pitching for Bismarck Barons : LHP Tim Davidson
Batting: RHB Ben Fisher 0-0: Ball
1-0: Ball
2-0: Ball
3-0: Base on Balls
Batting: RHB Allen Brown 0-0: Called Strike
0-1: Ball
1-1: DOUBLE (Line Drive, 7D)
Ben Fisher to third
Batting: RHB Adam Gentry 0-0: Fly out, F8 (Flyball, 8LS)
Batting: SHB Mathew Olson 0-0: Ball
1-0: Foul Ball, location: 2F
1-1: SINGLE (Groundball, 6MD)
Ben Fisher scores
Allen Brown to third
Batting: RHB Art Cameron 0-0: Ball
1-0: Called Strike
1-1: Ball
2-1: Called Strike
2-2: SINGLE (Line Drive, 6M)
Allen Brown scores
Mathew Olson to second
Batting: LHB Francisco Blanco 0-0: Called Strike
0-1: Ball
1-1: SINGLE (Groundball, 34D)
Mathew Olson to third
Art Cameron to second
Runner from 3rd tries for Home, SAFE, no throw
Pitching: RHP Shaun Harris
Batting: LHB Rubén Salazar 0-0: Called Strike
Art Cameron steals 3rd base
Francisco Blanco to second
0-1: Called Strike
0-2: Fly out, F9 (Flyball, 9)
Runner from 3rd tags up, SCORES, throw made
Batting: LHB Jorge Olvera 0-0: Ball
1-0: Ball
2-0: Ball
3-0: Called Strike
3-1: Base on Balls
Batting: RHB Steve Burton 0-0: Ground out 5-3 (Groundball, 5S)
Bottom of the 6th over - 4 runs, 4 hits, 0 errors, 2 left on base; Bismarck 3 - Red Deer 5
TOP OF THE 7TH
Bismarck Barons batting - Pitching for Red Deer Wranglers : LHP Ernesto Pérez
Batting: LHB Paul Lee 0-0: Called Strike
0-1: Ball
1-1: Foul Ball, location: 2F
1-2: Strikes out looking
Batting: RHB Pedro García 0-0: Ball
1-0: Swinging Strike
1-1: Swinging Strike
1-2: Strikes out swinging
Batting: RHB Luis Cherena 0-0: Ball
1-0: SINGLE (Groundball, 56) (infield hit)
Batting: RHB Eric Black 0-0: Ball
1-0: Called Strike
1-1: Foul Ball, location: 2F
1-2: Ball
2-2: Strikes out looking
Top of the 7th over - 0 runs, 1 hit, 0 errors, 1 left on base; Bismarck 3 - Red Deer 5
BOTTOM OF THE 7TH
Red Deer Wranglers batting - Pitching for Bismarck Barons : RHP Shaun Harris
Batting: RHB Ben Fisher 0-0: Foul Ball, location: 2F
0-1: Swinging Strike
0-2: Ball
1-2: Ball
2-2: Foul Ball, location: 2F
2-2: Foul Ball, location: 2F
2-2: Strikes out looking
Batting: RHB Allen Brown 0-0: Called Strike
0-1: Ball
1-1: Foul Ball, location: 2F
1-2: Strikes out swinging
Batting: RHB Adam Gentry 0-0: Ball
1-0: Foul Ball, location: 2F
1-1: Ball
2-1: Foul Ball, location: 2F
2-2: Ball
3-2: Ground out 5-3 (Groundball, 56)
Bottom of the 7th over - 0 runs, 0 hits, 0 errors, 0 left on base; Bismarck 3 - Red Deer 5
TOP OF THE 8TH
Bismarck Barons batting - Pitching for Red Deer Wranglers : LHP Ernesto Pérez
Batting: RHB Vincente Ramírez 0-0: SINGLE (Line Drive, 8LS)
Batting: RHB Terry Perkins 0-0: Ball
1-0: Ball
2-0: Fly out, F9 (Line Drive, 9LD)
Runner from 1st tags up, OUT at 2nd
Batting: RHB Gary Roberts 0-0: Ball
1-0: Swinging Strike
1-1: Ground out 5-3 (Groundball, 56S)
Top of the 8th over - 0 runs, 1 hit, 0 errors, 0 left on base; Bismarck 3 - Red Deer 5
BOTTOM OF THE 8TH
Red Deer Wranglers batting - Pitching for Bismarck Barons : RHP Shaun Harris
Batting: SHB Mathew Olson 0-0: Ball
1-0: Swinging Strike
1-1: Ball
2-1: SINGLE (Flyball, 9LS)
Batting: RHB Art Cameron 0-0: Grounds into double play, 4-6-3 (Groundball, 4)
Batting: LHB Francisco Blanco 0-0: Swinging Strike
0-1: Ball
1-1: Ball
2-1: DOUBLE (Line Drive, 7LM)
Batting: LHB Rubén Salazar 0-0: Ball
1-0: Ball
2-0: Called Strike
2-1: Swinging Strike
2-2: Ball
3-2: Foul Ball, location: 2F
3-2: Strikes out swinging
Bottom of the 8th over - 0 runs, 2 hits, 0 errors, 1 left on base; Bismarck 3 - Red Deer 5
TOP OF THE 9TH
Bismarck Barons batting - Pitching for Red Deer Wranglers : LHP Ernesto Pérez
Batting: RHB Chet White 0-0: Ball
1-0: Ball
2-0: Fly out, F8 (Flyball, 78D)
Batting: RHB Jason Smith 0-0: Called Strike
0-1: Fly out, F8 (Flyball, 8RM)
Batting: LHB Paul Lee 0-0: Ball
1-0: Swinging Strike
1-1: Swinging Strike
1-2: Ball
2-2: Foul Ball, location: 2F
2-2: Strikes out swinging
Top of the 9th over - 0 runs, 0 hits, 0 errors, 0 left on base; Bismarck 3 - Red Deer 5
Saturday, April 7th, 2018 - OOTP Baseball 18.8 Build 76